 Dungeon Crawl Stone Soup version 0.27.1-2-g3b301248ec (webtiles) character file.

Game seed: 16000028818151678083

130 MisterFreud the Covered (level 5, -3/41 (43) HPs)
             Began as a Gnoll Wanderer on Sept 24, 2021.
             Was a Believer of Vehumet.
             Slain by Crazy Yiuf (4 damage)
             ... on level 3 of the Dungeon.
             The game lasted 00:04:01 (3116 turns).

MisterFreud the Covered (Gnoll Wanderer)            Turns: 3116, Time: 00:04:01

HP:   -3/41 (43)    AC:  4    Str: 13    XL:     5   Next: 13%
MP:   7/7           EV: 11    Int: 13    God:    Vehumet [**....]
Gold: 91            SH:  0    Dex:  9    Spells: 3/6 levels left

rFire    . . .     SeeInvis .   a - +2 mace
rCold    . . .     Faith    .   (no shield)
rNeg     . . .     Spirit   .   b - +0 robe
rPois    .         Reflect  .   (no helmet)
rElec    .         Harm     .   n - +1 cloak {Stlth+}
rCorr    .         Rampage  .   (no gloves)
Will     +....                  (no boots)
Stlth    ++........             (no amulet)
HPRegen  0.13/turn              c - ring of willpower
MPRegen  0.10/turn              (no ring)

@: lightly drained
A: fangs 1, strong nose, distributed training
a: Renounce Religion


You were on level 3 of the Dungeon.
You worshipped Vehumet.
Vehumet was pleased with you.
You visited 1 branch of the dungeon, and saw 3 of its levels.

You collected 91 gold pieces.

Inventory:

Hand Weapons
 a - a +2 mace (weapon)
 i - a +3 dagger
Missiles
 j - 92 stones
 t - 9 poisoned darts
Armour
 b - a +0 robe (worn)
 n - a +1 cloak of stealth (worn)
Jewellery
 c - a ring of willpower (left hand)
Wands
 o - a wand of acid (7)
 q - a wand of iceblast (11)
Scrolls
 d - a scroll of fog {unknown}
 f - 2 scrolls of fear {unknown}
 h - a scroll of summoning {unknown}
 l - 2 scrolls of blinking {unknown}
 m - a scroll of silence {unknown}
 r - a scroll of identify {unknown}
Potions
 e - a potion of curing {unknown}
 g - a potion of mutation {unknown}
 k - a potion of heal wounds {unknown}
 p - a potion of cancellation {unknown}
 s - a potion of degeneration {unknown}


   Skills:
 + Level 4.7 Fighting
 + Level 1.3 Short Blades
 + Level 1.3 Long Blades
 + Level 1.3 Axes
 + Level 2.9 Maces & Flails
 + Level 1.3 Polearms
 + Level 1.3 Staves
 + Level 1.3 Slings
 + Level 1.3 Bows
 + Level 1.3 Crossbows
 + Level 1.3 Throwing
 + Level 4.7 Armour
 + Level 1.3 Dodging
 + Level 1.3 Stealth
 + Level 2.9 Shields
 + Level 1.3 Unarmed Combat
 + Level 1.3 Spellcasting
 + Level 2.3 Conjurations
 + Level 1.1 Hexes
 + Level 1.1 Summonings
 + Level 1.1 Necromancy
 + Level 1.1 Translocations
 + Level 1.1 Transmutations
 + Level 3.9 Fire Magic
 + Level 1.1 Ice Magic
 + Level 1.1 Air Magic
 + Level 1.1 Earth Magic
 + Level 1.1 Poison Magic
 + Level 1.5 Invocations
 + Level 2.9 Evocations


You had 3 spell levels left.
You knew the following spells:

 Your Spells              Type           Power      Damage    Failure   Level
a - Foxfire               Conj/Fire      36%        2x1d5     8%          1
b - Sandblast             Erth           6%         2d5       17%         1
c - Magic Dart            Conj           28%        1d4       11%         1

Your spell library contained the following spells:

 Spells                   Type           Power      Damage    Failure   Level
 Conjure Flame            Conj/Fire      9%         6-21      22%         3
 Corpse Rot               Necr/Air       N/A        N/A       26%         2
 Sublimation of Blood     Necr           1%         N/A       26%         2


Dungeon Overview and Level Annotations

Branches:
Dungeon (3/15)

Altars:
Vehumet

Annotations:
D:3 Crazy Yiuf


Innate Abilities, Weirdness & Mutations

You have very sharp teeth.
Your uncanny sense of smell can sniff out nearby items.
Your experience applies equally to all skills.


Message History

You see here a +0 mace.
Found three maces.
You see here a +0 mace.
You open the door.
i - a +3 dagger (weapon)
There is an open translucent door here.
You see here a +0 mace.
You see here a +2 mace of holy wrath.
The helpless Crazy Yiuf fails to defend himself.
You hit Crazy Yiuf.
Crazy Yiuf is lightly wounded.
Crazy Yiuf closely misses you.
Unknown command.
Unknown command.
Unknown command.
a - a +2 mace (weapon)
You sock Crazy Yiuf!
Crazy Yiuf is heavily wounded.
Crazy Yiuf hits you with a +4 quarterstaff of chaos.
Crazy Yiuf burns you.
You hit Crazy Yiuf but do no damage.
Crazy Yiuf is heavily wounded.
Crazy Yiuf closely misses you. Crazy Yiuf barely misses you.
You hit Crazy Yiuf but do no damage.
Crazy Yiuf is heavily wounded.
Crazy Yiuf barely misses you.
You hit Crazy Yiuf.
Crazy Yiuf is heavily wounded.
Crazy Yiuf hits you with a +4 quarterstaff of chaos!
You hit Crazy Yiuf. You bite Crazy Yiuf, but do no damage.
Crazy Yiuf is severely wounded.
Crazy Yiuf hits you with a +4 quarterstaff of chaos!
You feel drained.
* * * LOW HITPOINT WARNING * * *
You hit Crazy Yiuf. You bite Crazy Yiuf, but do no damage.
Crazy Yiuf is almost dead.
Crazy Yiuf hits you with a +4 quarterstaff of chaos!
* * * LOW HITPOINT WARNING * * *
Crazy Yiuf burns you.
You die...

............##.#
...##.....#.##.#
..###.#†#.#.##.#
.............#.#
.##...#.#..#####
...........#
...........#
#####
.######.####
#)g)#
.#.........#
#)@)#
.#.#######.#
#)))#
.#......##.#
##'##
.######.##.#
♣)♣♣ ..# #..##.#
♣♣)♣
#.####.##..#
♣)♣♣
.....#.##.##
♣♣)♣ .....#.##.#
♣♣)♣♣
.....#.##.##
♣♣..)♣


You could see Crazy Yiuf.

Vanquished Creatures
  A hound (D:3)
  4 adders
  2 dart slugs
  An orc (D:2)
  6 ball pythons
  3 bats (D:1)
  9 endoplasms
  3 giant cockroaches
  4 goblins
  7 hobgoblins
  4 kobolds
  6 quokkas
  3 frilled lizards
  2 rats
55 creatures vanquished.

Vanquished Creatures (others)
  90 foxfires
90 creatures vanquished.

Grand Total: 145 creatures vanquished

Notes
Turn   | Place    | Note
-------+----------+-------------------------------------------
     0 | D:1      | MisterFreud the Gnoll Wanderer began the quest for the Orb.
     0 | D:1      | MisterFreud set off with the following items: a +2 mace, a
                  | +0 robe; and the following spell memorised: Foxfire; and
                  | the following spells available to memorise: Conjure Flame,
                  | Corpse Rot, Sublimation of Blood
     0 | D:1      | Reached XP level 1. HP: 20/20 MP: 1/1
   222 | D:1      | Reached XP level 2. HP: 24/26 MP: 0/2
   599 | D:1      | Reached XP level 3. HP: 30/31 MP: 1/3
   748 | D:1      | Found a faded altar of an unknown god.
   792 | D:1      | Became a worshipper of Vehumet
   792 | D:1      | Reached * piety under Vehumet
   792 | D:1      | Offered knowledge of Sandblast by Vehumet.
   795 | D:1      | Learned a level 1 spell: Sandblast
  1160 | D:2      | Reached skill level 1 in Invocations
  1375 | D:2      | Reached skill level 1 in Short Blades
  1375 | D:2      | Reached skill level 1 in Long Blades
  1375 | D:2      | Reached skill level 1 in Axes
  1375 | D:2      | Reached skill level 1 in Polearms
  1375 | D:2      | Reached skill level 1 in Staves
  1375 | D:2      | Reached skill level 1 in Slings
  1375 | D:2      | Reached skill level 1 in Bows
  1375 | D:2      | Reached skill level 1 in Crossbows
  1375 | D:2      | Reached skill level 1 in Throwing
  1375 | D:2      | Reached skill level 1 in Dodging
  1375 | D:2      | Reached skill level 1 in Stealth
  1375 | D:2      | Reached skill level 1 in Unarmed Combat
  1375 | D:2      | Reached skill level 1 in Spellcasting
  1657 | D:2      | Reached XP level 4. HP: 27/38 MP: 5/5
  2028 | D:2      | Offered knowledge of Magic Dart by Vehumet.
  2040 | D:2      | Learned a level 1 spell: Magic Dart
  2058 | D:3      | Reached ** piety under Vehumet
  2133 | D:3      | Reached skill level 1 in Hexes
  2133 | D:3      | Reached skill level 1 in Summonings
  2133 | D:3      | Reached skill level 1 in Necromancy
  2133 | D:3      | Reached skill level 1 in Translocations
  2133 | D:3      | Reached skill level 1 in Transmutations
  2133 | D:3      | Reached skill level 1 in Ice Magic
  2133 | D:3      | Reached skill level 1 in Air Magic
  2133 | D:3      | Reached skill level 1 in Earth Magic
  2133 | D:3      | Reached skill level 1 in Poison Magic
  2382 | D:3      | Reached XP level 5. HP: 43/43 MP: 4/6
  3100 | D:3      | Found a runed translucent door.
  3101 | D:3      | Noticed Crazy Yiuf
  3116 | D:3      | HP: 1/41 [Crazy Yiuf (9)]
  3116 | D:3      | Slain by Crazy Yiuf

Illustrated notes

Levels and vault maps discovered:
D:1:      dpeg_arrival_water_fire, layout_basic,
          hellmonk_ecumenical_altar_inner_sanctum
D:2:      layout_loops_ring, minmay_pentomino_p4
D:3:      layout_rooms, serial_co_window_serial, co_window_of_opportunity_a,
          co_window_of_opportunity_a, co_window_of_opportunity_a,
          co_window_paths_a, co_window_paths_b, co_window_cross_1,
          co_window_paths_b, co_window_corner_ca, co_window_unsneaky_path_a,
          co_window_broadway_a, co_window_4corner_a, glass_columns_a,
          glass_columns_a, glass_columns_b, chequers_serial_rivers_small_b,
          minmay_unequal, uniq_crazy_yiuf_cottage

Skill      XL: |  1  2  3  4 |
---------------+-------------+-----
Conjurations   | 2 |  2.3
Invocations    | 1 |  1.5
Short Blades   | 1 |  1.3
Long Blades    | 1 |  1.3
Axes           | 1 |  1.3
Polearms       | 1 |  1.3
Staves         | 1 |  1.3
Slings         | 1 |  1.3
Bows           | 1 |  1.3
Crossbows      | 1 |  1.3
Throwing       | 1 |  1.3
Dodging        | 1 |  1.3
Stealth        | 1 |  1.3
Unarmed Combat | 1 |  1.3
Spellcasting   | 1 |  1.3
Hexes          | 1 |  1.1
Summonings     | 1 |  1.1
Necromancy     | 1 |  1.1
Translocations | 1 |  1.1
Transmutations | 1 |  1.1
Ice Magic      | 1 |  1.1
Air Magic      | 1 |  1.1
Earth Magic    | 1 |  1.1
Poison Magic   | 1 |  1.1
Fighting       | |  4.7
Maces & Flails | |  2.9
Armour         | |  4.7
Shields        | |  2.9
Fire Magic     | |  3.9
Evocations     | |  2.9

Action                   |  1- 3 |  4- 6 || total
-------------------------+-------+-------++-------
Melee: Mace              |    60 |    35 ||    95
       Bite              |     2 |     8 ||    10
       Dagger            |       |     1 ||     1
 Cast: Foxfire           |    31 |    21 ||    52
 Stab: Sleeping          |     1 |     3 ||     4
Armor: Robe              |    10 |    13 ||    23
Dodge: Dodged            |    46 |    29 ||    75
